cohdb
Replays
Latest Replays
All Replays
Popular Replays
Top Player Replays
Match Explorer
How It Works
Community
CoH3 Stats
Reddit
Sign in to upload your games and track your stats! →
Sign in with Steam
Match 42618472
Unlisted
Match 42618472
Overview
Messages
Build Orders
End
Engineer Squad
Construct Barracks
Selects Armored Battlegroup
Selects Veteran Crews
Riflemen Squad
Riflemen Squad
Grenade Package
Riflemen Squad
Mechanized Support Center
Construct Motor Pool
Selects M31 Recovery Vehicle
Designate Forward Repair Station
M1918 Browning Automatic Rifles
Selects War Machine
M24 Chaffee Light Tank
Engineer Squad
Designate Forward Repair Station
Construct Medical Station
M1 Anti-tank Gun Team
Selects Strength in Steel
barti06
WadoVice
0
0
Comments
sign in to comment!
No comments posted yet!